 Dungeon Crawl Stone Soup version 0.28-a0-1616-g050a50673c (webtiles) character file.

Game seed: 6237931310487774984

813 a3don the Ruffian (level 7, -5/66 HPs)
             Began as a Troll Earth Elementalist on Jan 22, 2022.
             Splashed by a jelly's acid (8 damage)
             ... on level 5 of the Dungeon.
             The game lasted 00:07:57 (3588 turns).

a3don the Ruffian (Troll Earth Elementalist)        Turns: 3588, Time: 00:07:58

Health: -5/66      AC: -3    Str: 17    XL:     7   Next: 61%
Magic:  2/7        EV: 10    Int: 13    God:
Gold:   100        SH:  0    Dex: 10    Spells: 4/8 levels left

rFire   . . .      SeeInvis .     - Unarmed
rCold   . . .      Faith    .   (no shield)
rNeg    . . .      Spirit   .   b - +0 robe
rPois   .          Reflect  .   (helmet restricted)
rElec   .          Harm     .   t - +0 cloak
rCorr   .          Rampage  .   (gloves unavailable)
Will    .....                   (boots unavailable)
Stlth   +.........              (no amulet)
HPRegen 1.01/turn               A - ring of flight
MPRegen 0.10/turn               (no ring)

@: corroded, flying
A: large, unfitting armour, claws 3, regeneration 1, shaggy fur 1, tough skin 1
a: no special abilities


You were on level 5 of the Dungeon.
You visited 1 branch of the dungeon, and saw 5 of its levels.

You collected 100 gold pieces.

Inventory:

Hand Weapons
 s - a +4 quarterstaff of chaos
 u - a +2 mace of venom
Missiles
 c - 118 stones
 g - 8 boomerangs (quivered)
 h - 2 poisoned darts
 y - 4 large rocks
Armour
 b - a +0 robe (worn)
 t - a +0 cloak (worn)
Magical Staves
 a - a staff of cold
 p - a staff of conjuration
Jewellery
 f - a ring of protection from fire
 k - an amulet of guardian spirit
 l - an amulet of magic regeneration
 A - a ring of flight (left claw)
Wands
 m - a wand of flame (21)
 B - a wand of charming (3)
Scrolls
 j - 2 scrolls of summoning {unknown}
 o - 2 scrolls of teleportation {unknown}
 q - a scroll of blinking {unknown}
 v - a scroll of fear {unknown}
 w - 2 scrolls of identify {unknown}
 z - a scroll of torment {unknown}
Potions
 d - a potion of cancellation {unknown}
 e - a potion of attraction {unknown}
 i - 3 potions of curing {unknown}
 n - a potion of heal wounds {unknown}
 r - a potion of haste {unknown}
 x - a potion of berserk rage {unknown}


   Skills:
 + Level 2.8 Fighting
 + Level 3.4 Dodging
 - Level 1.0 Stealth
 * Level 5.0 Unarmed Combat
 - Level 1.2 Spellcasting
 + Level 1.9 Conjurations
 - Level 0.6 Transmutations
 + Level 3.9 Earth Magic


You had 4 spell levels left.
You knew the following spells:

 Your Spells              Type           Power      Damage    Failure   Level
a - Sandblast             Erth           22%        2d7       5%          1
b - Stone Arrow           Conj/Erth      16%        3d8       26%         3

Your spell library contained the following spells:

 Spells                   Type           Power      Damage    Failure   Level
 Passwall                 Tmut/Erth      5%         N/A       17%         2
 Conjure Flame            Conj/Fire      3%         6-21      50%         3
 Ignite Poison            Fire/Tmut/Pois 1%         N/A       58%         3
 Petrify                  Tmut/Erth      6%         N/A       73%         4
 Sticky Flame             Conj/Fire      3%         2d3       88%         4
 Passage of Golubria      Tloc           0%         N/A       95%         4
 Silence                  Hex/Air        0%         N/A       100%        5
 Lehudib's Crystal Spear  Conj/Erth      4%         10d3      100%        8


Dungeon Overview and Level Annotations

Branches:
Dungeon (5/15)
 Temple: D:4-7

Altars:
Ashenzari
Dithmenos
Ru
Uskayaw
Wu Jian
The Shining One

Shops:
D:3 *((*[


Innate Abilities, Weirdness & Mutations

You are too large for most types of armour.
You have claws for hands.
Your natural rate of healing is unusually fast.
You are covered in fur. (AC +1)
You have tough skin. (AC +1)


Message History

Casting: Sandblast (safe; 6% risk of failure)
Confirm with . or Enter, or press ? or * to list all spells.
Aiming: Sandblast (safe; 6% risk of failure)
Press: ? - help, Shift-Dir - straight line, f/p - ogre
Aim: an ogre, wielding a +0 giant club (moderately wounded, 90% to hit)
The blast of sand hits the ogre.
The ogre is moderately wounded.
c - 121 stones The ogre barely misses you.
Casting: Sandblast (safe; 6% risk of failure)
Confirm with . or Enter, or press ? or * to list all spells.
Aiming: Sandblast (safe; 6% risk of failure)
Press: ? - help, Shift-Dir - straight line, f/p - ogre
Aim: an ogre, wielding a +0 giant club (moderately wounded, 90% to hit)
The blast of sand hits the ogre!
The ogre is severely wounded.
c - 120 stones The ogre hits you with a +0 giant club!!
* * * LOW HITPOINT WARNING * * *
Casting: Sandblast (safe; 6% risk of failure)
Confirm with . or Enter, or press ? or * to list all spells.
Aiming: Sandblast (safe; 6% risk of failure)
Press: ? - help, Shift-Dir - straight line, f/p - ogre
Aim: an ogre, wielding a +0 giant club (severely wounded, 90% to hit)
The blast of sand hits the ogre!
You kill the ogre!
c - 119 stones Your Unarmed Combat skill increases to level 5!
Casting: Sandblast (safe; 5% risk of failure)
Confirm with . or Enter, or press ? or * to list all spells.
Aiming: Sandblast (safe; 5% risk of failure)
Press: ? - help, Shift-Dir - straight line, f - jelly
Aim: a jelly (100% to hit)
The blast of sand hits the jelly!
The jelly is heavily wounded.
c - 118 stones The jelly hits you.
* * * LOW HITPOINT WARNING * * *
You are splashed with acid!
You die...

###### #..@.#
####J##
#######..# ####
$........# ....
#######..##
..... .# ###
#...#...... .#
#.#
##.............
.# #.#
#.##.........#
# ##. #.###
##.......>....#


You could see a jelly.

Vanquished Creatures
  Menkaure (D:4)
  A black bear (D:4)
  An ogre (D:5)
  A bullfrog (D:4)
  A vampire bat (D:4)
  A hound (D:4)
  A jelly (D:5)
  Crazy Yiuf (D:2)
  Jessica (D:2)
  An iguana (D:4)
  An orc wizard (D:3)
  A hound skeleton (D:5)
  A howler monkey skeleton (D:4)
  4 gnolls (D:4)
  5 adders
  A white imp (D:4)
  An ufetubus (D:5)
  An adder skeleton (D:4)
  A worm (D:4)
  2 dart slugs
  3 fire bats (D:4)
  3 orcs
  2 spectral bats (D:4)
  13 bats
  3 bat skeletons (D:4)
  A bat zombie (D:4)
  5 endoplasms
  5 giant cockroaches
  12 goblins
  2 hobgoblins
  4 jackals
  7 quokkas
  6 ball pythons
  A bat simulacrum (D:4)
  A frilled lizard (D:3)
  3 kobolds (D:3)
  6 rats
105 creatures vanquished.

Vanquished Creatures (others)
  A fungus (D:2)
1 creature vanquished.

Grand Total: 106 creatures vanquished

Notes
Turn   | Place    | Note
-------+----------+-------------------------------------------
     0 | D:1      | a3don the Troll Earth Elementalist began the quest for the
                  | Orb.
     0 | D:1      | Reached XP level 1. HP: 16/16 MP: 1/1
   141 | D:1      | Reached skill level 1 in Unarmed Combat
   221 | D:1      | Reached XP level 2. HP: 25/26 MP: 2/2
   774 | D:2      | Reached skill level 1 in Fighting
   774 | D:2      | Reached XP level 3. HP: 31/33 MP: 3/3
   803 | D:2      | Reached skill level 2 in Unarmed Combat
   864 | D:2      | Noticed Jessica
   916 | D:2      | Killed Jessica
   917 | D:2      | Reached XP level 4. HP: 22/41 MP: 0/4
  1037 | D:2      | Found a runed translucent door.
  1038 | D:2      | Noticed Crazy Yiuf
  1170 | D:2      | Found a faded altar of an unknown god.
  1405 | D:2      | Killed Crazy Yiuf
  1524 | D:3      | Found Eminlyxille's Weapon Shoppe.
  1560 | D:3      | Found Qibrujiv's Assorted Antiques.
  1743 | D:3      | Found Biul's Antique Weapon Shop.
  1925 | D:3      | Found a sacrificial altar of Ru.
  1947 | D:3      | Reached skill level 3 in Unarmed Combat
  1947 | D:3      | Reached XP level 5. HP: 49/49 MP: 5/5
  1967 | D:3      | Found Kety Duas's Armour Emporium.
  2067 | D:3      | Found Cimiwoit's Assorted Antiques.
  2097 | D:3      | Found an ornate altar of the Wu Jian Council.
  2625 | D:4      | Reached XP level 6. HP: 45/57 MP: 6/6
  2629 | D:4      | Learned a level 3 spell: Stone Arrow
  2644 | D:4      | Found a glowing golden altar of the Shining One.
  2644 | D:4      | Found a shadowy altar of Dithmenos.
  2731 | D:4      | Noticed Menkaure
  2739 | D:4      | Reached skill level 1 in Conjurations
  2745 | D:4      | Killed Menkaure
  2746 | D:4      | Reached skill level 4 in Unarmed Combat
  2973 | D:4      | Reached XP level 7. HP: 64/66 MP: 7/7
  3247 | D:4      | Found a broken altar of Ashenzari.
  3393 | D:5      | Entered Level 5 of the Dungeon
  3393 | D:5      | Found a hide-covered altar of Uskayaw.
  3586 | D:5      | HP: 2/66 [ogre (30)]
  3588 | D:5      | Reached skill level 5 in Unarmed Combat
  3588 | D:5      | Splashed by a jelly's acid

Illustrated notes

Levels and vault maps discovered:
D:1:      dpeg_arrival_long_road, layout_basic, chequers_serial_rivers_marsh,
          st_stairs_8
D:2:      layout_rooms, hellmonk_ecumenical_altar_crossroads,
          uniq_crazy_yiuf_cottage, uniq_jessica
D:3:      layout_basic, nzn_wu_jian_council_hall,
          nicolae_ru_great_annihilating_truth, serial_shops,
          nicolae_shop_statue_plus, nicolae_shop_waterfront, shop,
          nicolae_shop_advertising_works [nicolae_subvault_shop_adworks],
          nicolae_shop_bloodbath_and_beyond, grunt_ministairs_8,
          roderic_lattice_a, minmay_misc_feat_encased
D:4:      layout_cave_pools, cheibrodos_ashenzari_chains,
          chequers_temple_overflow_statue_of_worship, minivault_24,
          goddamned_bats, uniq_menkaure
D:5:      layout_rooms, eat_drink_and_be_merry_uskayaw,
          minmay_temple_entry_enclosed_plants, hangedman_decor_diamond_cutter

Skill      XL: |  1  2  3  4  5  6  7 |
---------------+----------------------+-----
Unarmed Combat | 1 2 3 4 5 |  5.0
Dodging        | 2 3 |  3.4
Fighting       | 1 2 |  2.8
Earth Magic    | 3 |  3.9
Conjurations   | 1 |  1.9
Stealth        | |  1.0
Spellcasting   | |  1.2
Transmutations | |  0.6

Action                   |  1- 3 |  4- 6 |  7- 9 || total
-------------------------+-------+-------+-------++-------
Melee: Unarmed           |    87 |   138 |    85 ||   310
       Punch             |       |     2 |     3 ||     5
Throw: Boomerang         |       |       |     1 ||     1
 Cast: Sandblast         |     5 |     4 |     5 ||    14
 Stab: Sleeping          |     6 |     2 |       ||     8
       Paralysed         |       |     1 |       ||     1
Armor: Robe              |    36 |    45 |    46 ||   127
Dodge: Dodged            |    45 |    75 |    59 ||   179

Table legend: (Time is in decaauts)
 A = Elapsed time spent in this place.
 B = Non-inter-level travel time spent in this place.
 C = Inter-level travel time spent in this place.
 D = Time resting spent in this place.
 E = Time spent auto-exploring this place.
 F = Levels seen in this place.
 G = Mean time per level.
                   A        B        C        D        E       F      G
               +--------+--------+--------+--------+--------+-----+--------+
         Total |   3573 |   3473 |    100 |    218 |   2475 |   5 |  714.6 |
       Dungeon |   3573 |   3473 |    100 |    218 |   2475 |   5 |  714.6 |
               +--------+--------+--------+--------+--------+-----+--------+

Top non-repeatable levels by time:
     D:3: 1020 daAuts
     D:4: 911 daAuts
     D:1: 765 daAuts
     D:2: 722 daAuts
     D:5: 153 daAuts
